 Dungeon Crawl Stone Soup version 0.19.1 (webtiles) character file.

51 empire the Chiller (level 3, 0/26 HPs)
             Began as a Draconian Ice Elementalist on Dec 16, 2016.
             Was an Initiate of Sif Muna.
             Killed from afar by empire's ghost (10 damage)
             ... with a zap
             ... on level 3 of the Dungeon.
             The game lasted 00:04:14 (2274 turns).

empire the Chiller (Draconian Ice Elementalist)     Turns: 2274, Time: 00:04:15

Health: 0/26       AC:  5    Str: 10    XL:     3   Next: 57%
Magic:  6/6        EV: 12    Int: 16    God:    Sif Muna [......]
Gold:   219        SH:  0    Dex: 11    Spells: 2 memorised, 2 levels left

rFire  . . .     SeeInvis .     b - +0 short sword
rCold  . . .     Gourm    .     (armour unavailable)
rNeg   . . .     Faith    .     (no shield)
rPois  .         Spirit   .     (helmet restricted)
rElec  .         Reflect  .     (no cloak)
rCorr  .         Harm     .     (no gloves)
MR     .....                    (no boots)
Stlth  ++........               (no amulet)
                                (no ring)
                                (no ring)

@: no status effects
A: unfitting armour, cold-blooded, AC +5
a: Renounce Religion


You were on level 3 of the Dungeon.
You worshipped Sif Muna.
Sif Muna was noncommittal.
You were not hungry.

You visited 1 branch of the dungeon, and saw 3 of its levels.

You collected 219 gold pieces.

Inventory:

Hand Weapons
 b - a +0 short sword (weapon)
 s - a +0 dagger
Missiles
 k - 7 needles of paralysis
 o - 22 arrows
 w - 6 curare-tipped needles
Scrolls
 d - 3 scrolls of remove curse
 e - a scroll of blinking {unknown}
 f - 6 scrolls of identify {unknown}
 m - a scroll of enchant armour {unknown}
 n - a scroll of immolation {unknown}
Potions
 a - a potion of lignification {unknown}
 g - a potion of degeneration {unknown}
 h - a potion of berserk rage {unknown}
 i - 3 potions of curing {unknown}
 l - a potion of cancellation {unknown}
 p - a potion of heal wounds {unknown}
 q - 3 potions of brilliance {unknown}
 r - a potion of magic {unknown}
 t - a potion of ambrosia {unknown}
 u - 2 potions of flight {unknown}
Books
 c - a book of Frost

   Spells                             Type                      Level
   a - Freeze                         Ice                          1
   b - Throw Frost                    Conjuration/Ice              2
   c - Ozocubu's Armour               Charms/Ice                   3
   d - Throw Icicle                   Conjuration/Ice              4
   e - Summon Ice Beast               Ice/Summoning                4
Comestibles
 j - 3 bread rations
 v - a chunk of flesh


   Skills:
 - Level 1.7 Dodging
 - Level 1.7 Stealth
 - Level 2.0 Spellcasting
   Level 1.0 Conjurations
 * Level 0.1 Charms
 + Level 4.6 Ice Magic


You had 2 spell levels left.
You knew the following spells:

 Your Spells              Type           Power        Failure   Level  Hunger
a - Freeze                Ice            ###.         3%          1    #......
b - Ozocubu's Armour      Chrm/Ice       #.......     28%         3    ###....


Dungeon Overview and Level Annotations

Branches:
Dungeon (3/15)

Altars:
Ashenzari
Cheibriados
Sif Muna

Annotations:
D:3 empire's ghost, amateur DEAE


Innate Abilities, Weirdness & Mutations

Your plain brown scales are hard. (AC +5)
You cannot fit into any form of body armour.
You are cold-blooded and may be slowed by cold attacks.


Message History

A kobold comes into view.
The worker ant twitches its antennae in your direction.
The kobold barely misses you. The worker ant bites you.
Empire's ghost closely misses you.
You see here 6 curare-tipped needles.
w - 6 curare-tipped needles The kobold closely misses you.
The worker ant misses you. The kobold hits you but does no damage.
Empire's ghost hits you.
An adder comes into view.
The kobold shouts!
The kobold closely misses you.
The adder hisses angrily.
The kobold completely misses you.
You see here a scroll of remove curse.
d - 3 scrolls of remove curse (gained 1)
The worker ant closely misses you. The kobold closely misses you.
The kobold hits you. The worker ant misses you.
Empire's ghost gestures at you while chanting.
The zap hits you!
You die...

................. #.
.................... #.
......................#.
......................#.
........................
........................
........................
+.......W...............
.......@Ka..............
.......SK...............
........K...............
)................(.(.().
........................
.......................(
................$......#
..........(.........(.##
.......................


You could see a worker ant, empire's ghost, an adder and 3 kobolds.

Vanquished Creatures
  2 adders
  A leopard gecko (D:2)
  3 hobgoblins
  A quokka (D:2)
  7 bats
  3 frilled lizards
  5 goblins
  5 kobolds
  4 rats
31 creatures vanquished.

Notes
Turn   | Place    | Note
-------+----------+-------------------------------------------
     0 | D:1      | empire the Draconian Ice Elementalist began the quest for the Orb.
     0 | D:1      | Reached XP level 1. HP: 14/14 MP: 3/3
   898 | D:2      | Reached XP level 2. HP: 19/20 MP: 0/5
   988 | D:2      | Found a snail-covered altar of Cheibriados.
  1095 | D:2      | Reached skill level 4 in Ice Magic
  1299 | D:2      | Found a deep blue altar of Sif Muna.
  1305 | D:2      | Became a worshipper of Sif Muna the Loreminder
  1385 | D:2      | Reached XP level 3. HP: 26/26 MP: 6/6
  2063 | D:3      | Noticed empire's ghost (amateur DEAE)
  2212 | D:3      | Found a shattered altar of Ashenzari.
  2222 | D:3      | Learned a level 3 spell: Ozocubu's Armour
  2274 | D:3      | Killed from afar by empire's ghost

Skill      XL: |  1  2 |
---------------+-------+-----
Ice Magic      | 4 |  4.6
Dodging        | |  1.7
Stealth        | |  1.7
Spellcasting   | |  2.0
Conjurations   | |  1.0
Charms         | |  0.1

Action                   || total
-------------------------++-------
Melee: Dagger            ||    35
       Short sword       ||    87
       Tailslap          ||     8
 Cast: Freeze            ||     5
  Use: Scroll            ||     1
 Stab: Sleeping          ||     1
  Eat: Chunk             ||     4
Armor: Skin              ||    53
Dodge: Dodged            ||   109
